 Dungeon Crawl Stone Soup version 0.25-a0-504-g768f60da87 (webtiles) character file.

Game seed: 12548482870232393923, levelgen mode: deterministic

120 Erk the Grasshopper (level 5, -10/43 HPs)
             Began as a Gnoll Warper on Feb 14, 2020.
             Killed themself with a badly aimed iceblast (14 damage)
             ... on level 3 of the Dungeon.
             The game lasted 00:04:05 (2174 turns).

Erk the Grasshopper (Gnoll Warper)                  Turns: 2174, Time: 00:04:05

Health: -10/43     AC:  7    Str: 15    XL:     5   Next: 4%
Magic:  21/21      EV: 11    Int: 15    God:
Gold:   122        SH:  0    Dex: 14    Spells: 12/14 levels left

rFire    . . .     SeeInvis .   o - +0 flail
rCold    . . .     Gourm    .   (no shield)
rNeg     . . .     Faith    .   p - +0 scale mail
rPois    .         Spirit   .   l - +0 helmet
rElec    .         Reflect  .   (no cloak)
rCorr    .         Harm     .   (no gloves)
MR       .....                  (no boots)
Stlth    ..........             (no amulet)
HPRegen  0.14/turn              n - ring of magical power
MPRegen  0.17/turn              (no ring)

@: no status effects
A: distributed training, fangs 1, strong nose
a: no special abilities


You were on level 3 of the Dungeon.
You were not hungry.

You visited 1 branch of the dungeon, and saw 3 of its levels.

You collected 122 gold pieces.

Inventory:

Hand Weapons
 o - a +0 flail (weapon)
Missiles
 e - 5 boomerangs of dispersal (quivered)
 j - 8 javelins
Armour
 l - a +0 helmet (worn)
 p - a +0 scale mail (worn)
Jewellery
 n - a ring of magical power (left hand)
Wands
 m - a wand of random effects (21)
Scrolls
 d - a scroll of blinking
 g - a scroll of magic mapping {unknown}
 h - a scroll of teleportation {unknown}
 k - a scroll of identify {unknown}
Potions
 a - a potion of might {unknown}
 c - a potion of haste {unknown}
 i - a potion of berserk rage {unknown}
Comestibles
 b - a chunk of flesh
 f - 5 rations


   Skills:
 + Level 4.7 Fighting
 + Level 1.3 Short Blades
 + Level 4.7 Long Blades
 + Level 1.3 Axes
 + Level 1.3 Maces & Flails
 + Level 1.3 Polearms
 + Level 1.3 Staves
 + Level 1.3 Slings
 + Level 1.3 Bows
 + Level 1.3 Crossbows
 + Level 2.8 Throwing
 + Level 2.8 Armour
 + Level 4.7 Dodging
 + Level 1.3 Stealth
 + Level 1.3 Shields
 + Level 1.3 Unarmed Combat
 + Level 5.1 Spellcasting
 + Level 1.0 Conjurations
 + Level 1.0 Hexes
 + Level 1.0 Charms
 + Level 1.0 Summonings
 + Level 1.0 Necromancy
 + Level 5.5 Translocations
 + Level 1.0 Transmutations
 + Level 1.0 Fire Magic
 + Level 1.0 Ice Magic
 + Level 1.0 Air Magic
 + Level 1.0 Earth Magic
 + Level 1.0 Poison Magic
 + Level 1.4 Invocations
 + Level 1.3 Evocations


You had 12 spell levels left.
You knew the following spells:

 Your Spells              Type           Power        Failure   Level  Hunger
a - Blink                 Tloc           N/A          10%         2    ##.....

Your spell library contained the following spells:

 Spells                   Type           Power        Failure   Level  Hunger
 Gell's Gravitas          Tloc           ###.......   19%         3    ###....
 Lesser Beckoning         Tloc           ###.......   19%         3    ###....
 Teleport Other           Tloc           ###.....     19%         3    ###....
 Shroud of Golubria       Chrm/Tloc      ##....       24%         2    ##.....
 Passage of Golubria      Tloc           N/A          54%         4    ####...


Dungeon Overview and Level Annotations

Branches:
Dungeon (3/15)

Altars:


Innate Abilities, Weirdness & Mutations

Your experience applies equally to all skills.
You have very sharp teeth.
Your uncanny sense of smell can sniff out nearby items.


Message History

The gnoll suddenly stops moving!
The helpless gnoll fails to defend itself.
You sock the gnoll!
You kill the gnoll!
You have reached level 5!
The gnoll completely misses you.
Evoke which item? (* to show all) (? for menu, Esc to quit)
Aiming: Random Effects
Press: ? - help, Shift-Dir - straight line, f - gnoll
Aim: a gnoll, wielding a +0 flail The puff of flame hits the gnoll.
The gnoll is moderately wounded.
Evoke which item? (* to show all) (? for menu, Esc to quit)
Aiming: Random Effects
Press: ? - help, Shift-Dir - straight line, f/p - gnoll
Aim: a gnoll, wielding a +0 flail (moderately wounded)
The mass of ice explodes!
The iceblast engulfs the gnoll.
The gnoll is severely wounded.
The iceblast engulfs you!
You die...

####+## #####
#.....####
#........## ######
#..†......#
#....####.........#
#....'....###.....+
#....####.# ....#
#.#.....#g# ...#
#### #.#..##.#@#
### ....
#.##.##.#.# ####
#.....#.#.# #
#######.#.# ∆ #
#.#.# # #.#.. #
#.### # #.# # #.# #


You could see a gnoll.

Vanquished Creatures
  3 gnolls (D:3)
  4 adders (D:2)
  2 worms (D:2)
  2 dart slugs (D:1)
  2 leopard geckos
  3 bats
  3 giant cockroaches
  2 goblins (D:1)
  10 hobgoblins
  3 kobolds (D:1)
  2 quokkas (D:3)
  4 frilled lizards
  5 rats
45 creatures vanquished.

Notes
Turn   | Place    | Note
-------+----------+-------------------------------------------
     0 | D:1      | Erk the Gnoll Warper began the quest for the Orb.
     0 | D:1      | Reached XP level 1. HP: 20/20 MP: 6/6
   148 | D:1      | Reached XP level 2. HP: 26/26 MP: 7/7
   594 | D:1      | Reached XP level 3. HP: 31/31 MP: 9/9
   693 | D:1      | Reached skill level 5 in Spellcasting
   714 | D:1      | Learned a level 2 spell: Blink
   960 | D:2      | Reached skill level 1 in Invocations
  1016 | D:2      | Reached skill level 1 in Short Blades
  1016 | D:2      | Reached skill level 1 in Axes
  1016 | D:2      | Reached skill level 1 in Maces & Flails
  1016 | D:2      | Reached skill level 1 in Polearms
  1016 | D:2      | Reached skill level 1 in Staves
  1016 | D:2      | Reached skill level 1 in Slings
  1016 | D:2      | Reached skill level 1 in Bows
  1016 | D:2      | Reached skill level 1 in Crossbows
  1016 | D:2      | Reached skill level 1 in Stealth
  1016 | D:2      | Reached skill level 1 in Shields
  1016 | D:2      | Reached skill level 1 in Unarmed Combat
  1016 | D:2      | Reached skill level 1 in Evocations
  1336 | D:2      | Reached XP level 4. HP: 38/38 MP: 11/11
  1650 | D:2      | Found a faded altar of an unknown god.
  2151 | D:3      | Reached skill level 1 in Conjurations
  2151 | D:3      | Reached skill level 1 in Hexes
  2151 | D:3      | Reached skill level 1 in Charms
  2151 | D:3      | Reached skill level 1 in Summonings
  2151 | D:3      | Reached skill level 1 in Necromancy
  2151 | D:3      | Reached skill level 1 in Transmutations
  2151 | D:3      | Reached skill level 1 in Fire Magic
  2151 | D:3      | Reached skill level 1 in Ice Magic
  2151 | D:3      | Reached skill level 1 in Air Magic
  2151 | D:3      | Reached skill level 1 in Earth Magic
  2151 | D:3      | Reached skill level 1 in Poison Magic
  2172 | D:3      | Reached XP level 5. HP: 3/43 MP: 12/12
  2174 | D:3      | Killed themself with a badly aimed iceblast

Levels and vault maps discovered:
D:1:      elethiomel_arrival_shortcut, layout_loops_corners, bh_walls_and_bars
D:2:      cheibrodos_old_hovel, layout_basic, chequers_ecumenical_altar_island
D:3:      layout_basic, first_ration

Skill      XL: |  1  2  3  4 |
---------------+-------------+-----
Spellcasting   | 5 |  5.1
Invocations    | 1 |  1.4
Short Blades   | 1 |  1.3
Axes           | 1 |  1.3
Maces & Flails | 1 |  1.3
Polearms       | 1 |  1.3
Staves         | 1 |  1.3
Slings         | 1 |  1.3
Bows           | 1 |  1.3
Crossbows      | 1 |  1.3
Stealth        | 1 |  1.3
Shields        | 1 |  1.3
Unarmed Combat | 1 |  1.3
Evocations     | 1 |  1.3
Conjurations   | 1 |  1.0
Hexes          | 1 |  1.0
Charms         | 1 |  1.0
Summonings     | 1 |  1.0
Necromancy     | 1 |  1.0
Transmutations | 1 |  1.0
Fire Magic     | 1 |  1.0
Ice Magic      | 1 |  1.0
Air Magic      | 1 |  1.0
Earth Magic    | 1 |  1.0
Poison Magic   | 1 |  1.0
Fighting       | |  4.7
Long Blades    | |  4.7
Throwing       | |  2.8
Armour         | |  2.8
Dodging        | |  4.7
Translocations | |  5.5

Action                   |  1- 3 |  4- 6 || total
-------------------------+-------+-------++-------
Melee: Falchion          |   101 |    26 ||   127
       Bite              |    11 |     5 ||    16
       Flail             |       |    22 ||    22
Evoke: Wand              |       |     2 ||     2
 Stab: Sleeping          |     2 |       ||     2
       Paralysed         |       |     1 ||     1
  Eat: Chunk             |       |     4 ||     4
Armor: Leather armour    |    22 |     5 ||    27
       Scale mail        |       |     6 ||     6
Dodge: Dodged            |    90 |    40 ||   130
       Rpst.: Falchion   |    31 |    10 ||    41

Table legend:
 A = Non-vault XP
 B = Vault XP
 C = Vault XP percentage of total XP
 D = Non-vault monster count
 E = Vault monster count
 F = Vault count percentage of total count
                 A         B        C        D         E       F
            +---------+---------+-------+---------+---------+-------
      Total |     159 |      13 |   7.6 |      44 |       1 |   2.2
            +---------+---------+-------+---------+---------+-------
        D:1 |      38 |       0 |   0.0 |      20 |       0 |   0.0
        D:2 |      72 |      13 |  15.3 |      18 |       1 |   5.3
        D:3 |      49 |       0 |   0.0 |       6 |       0 |   0.0
            +---------+---------+-------+---------+---------+-------
